 Dungeon Crawl Stone Soup version 0.31-a0-216-g22e908daa7 (webtiles) character file.

Game seed: 17883593195316152543

77 qw the Shooter (level 4, -2/36 HPs)
             Began as a Minotaur Hexslinger on July 2, 2023.
             Slain by a goblin
             ... wielding a +0 dagger
             ... led by Robin
              (3 damage)
             ... on level 2 of the Dungeon.
             The game lasted 00:00:36 (1042 turns).

qw the Shooter (Minotaur Hexslinger)                Turns: 1042, Time: 00:00:37

Health: -2/36      AC:  3    Str: 12    XL:     4   Next: 13%
Magic:  4/4        EV: 12    Int: 10    God:
Gold:   82         SH:  0    Dex: 15    Spells: 4/5 levels left

rFire   . . .        Y - +1 sling
rCold   . . .        (no shield)
rNeg    . . .        h - +0 leather armour
rPois   .            (helmet restricted)
rElec   .            (no cloak)
rCorr   .            (no gloves)
SInv    .            (no boots)
Will    .....        (no amulet)
Stlth   +            (no ring)
HPRegen 0.26/turn    (no ring)
MPRegen 0.09/turn

%: no passive effects
@: no status effects
A: horns 2, retaliatory headbutt
a: no special abilities


You were on level 2 of the Dungeon.
You visited 1 branch of the dungeon, and saw 2 of its levels.

You collected 82 gold pieces.


Innate Abilities, Weirdness & Mutations

You have a pair of horns on your head.
You reflexively headbutt those who attack you in melee.


   Skills:
 - Level 2.0 Fighting
 + Level 4.6 Ranged Weapons
 - Level 2.1 Dodging
 - Level 1.0 Spellcasting
 - Level 2.0 Hexes


You had 4 spell levels left.
You knew the following spells:

 Your Spells              Type           Power      Damage    Failure   Level
a - Slow                  Hex            16%        N/A       19%         1

Your spell library contained the following spells:

 Spells                   Type           Power      Damage    Failure   Level
 Inner Flame              Hex/Fire       2%         N/A       65%         3
 Portal Projectile        Hex/Tloc       4%         N/A       65%         3
 Cause Fear               Hex            2%         N/A       88%         4

Inventory:

Hand Weapons
 Y - a +1 sling (weapon)
Armour
 h - a +0 leather armour (worn)
Scrolls
 a - 2 scrolls of acquirement {unknown}
 e - a scroll of silence {unknown}
 g - a scroll of enchant armour {unknown}
Potions
 b - a potion of might {unknown}
 c - a potion of magic {unknown}
 d - a potion of heal wounds {unknown}
 f - a potion of berserk rage {unknown}
 k - a potion of enlightenment {unknown}

Dungeon Overview and Level Annotations

Branches:
Dungeon (2/15)

Altars:


Message History

You kill the goblin!
The hobgoblin hits you.
You shoot a sling bullet.
The sling bullet closely misses the hobgoblin.
The sling bullet barely misses the goblin.
The hobgoblin hits you.
The hobgoblin hits you but does no damage.
You shoot a sling bullet. The sling bullet hits the hobgoblin.
The hobgoblin is severely wounded.
The hobgoblin hits you. The hobgoblin completely misses you. x2
You furiously retaliate!
You headbutt the hobgoblin.
You kill the hobgoblin!
The hobgoblin misses you.
You shoot a sling bullet. The sling bullet hits the hobgoblin.
The hobgoblin is heavily wounded.
The goblin shoots a sling bullet.
The sling bullet hits you but does no damage.
A hobgoblin comes into view. It is wielding a +0 flail.
The hobgoblin barely misses you.
You shoot a sling bullet.
The sling bullet closely misses the hobgoblin.
The goblin closely misses you. The hobgoblin hits you.
You shoot a sling bullet. The sling bullet hits the hobgoblin.
You kill the hobgoblin!
The goblin no longer looks unusually strong.
You shoot a sling bullet.
The sling bullet barely misses the hobgoblin.
The sling bullet hits the goblin.
You kill the goblin!
The hobgoblin hits you but does no damage.
The goblin closely misses you. The hobgoblin misses you. The goblin misses you.
You shoot a sling bullet.
The sling bullet barely misses the hobgoblin.
The hobgoblin hits you with a +0 flail. The goblin misses you.
You shoot a sling bullet.
The sling bullet closely misses the hobgoblin.
The hobgoblin misses you. You furiously retaliate!
You headbutt the hobgoblin.
You kill the hobgoblin!
The goblin hits you with a +0 dagger.
You die...

#.# #.# # ###
#.# . ..# ..#
#. #.# ### #.#
#.# ### #
..##.# #.. .
#.#.# #.# ##.
#)g###### #.#
..# ##@))...#
#<#
#.###.##......
##.# #.#.##
.#.## ...#
#####.## # #..#
#.....#
#..######.....#
#..##.........#
#..##.###.....#
#.###.# #.....#


You could see a goblin.

Vanquished Creatures
  Robin (D:2)
  2 worms (D:2)
  6 ball pythons
  4 endoplasms
  2 giant cockroaches (D:1)
  9 goblins
  7 hobgoblins
  2 jackals (D:1)
  9 kobolds
  3 quokkas (D:1)
  5 bats
  5 frilled lizards
  A rat (D:1)
56 creatures vanquished.

Notes
Turn   | Place    | Note
-------+----------+-------------------------------------------
     0 | D:1      | qw the Minotaur Hexslinger began the quest for the Orb.
     0 | D:1      | Reached XP level 1. HP: 16/16 MP: 1/1
     0 | D:1      | 0 ||| qw: Version: 0.3-a-35-g05ef00e
     0 | D:1      | 0 ||| qw: Game counter: 7784
     0 | D:1      | 0 ||| qw: Melee chars always use a shield: true
     0 | D:1      | 0 ||| qw: God list: Okawaru
     0 | D:1      | 0 ||| qw: Allow faded altars: false
     0 | D:1      | 0 ||| qw: Do Orc after clearing Dungeon:15 true
     0 | D:1      | 0 ||| qw: Do second Lair branch before Depths: true
     0 | D:1      | 0 ||| qw: Lair rune preference: random
     0 | D:1      | 0 ||| qw: Goals: Normal
     0 | D:1      | 0 ||| PLANNING D:1-11
   126 | D:1      | Reached skill level 3 in Ranged Weapons
   128 | D:1      | Reached XP level 2. HP: 23/23 MP: 2/2
   187 | D:1      | 187 ||| FLEEEEING.
   188 | D:1      | 188 ||| FLEEEEING.
   189 | D:1      | 189 ||| FLEEEEING.
   190 | D:1      | 190 ||| FLEEEEING.
   191 | D:1      | 191 ||| FLEEEEING.
   192 | D:1      | 192 ||| FLEEEEING.
   193 | D:1      | 193 ||| FLEEEEING.
   194 | D:1      | 194 ||| FLEEEEING.
   195 | D:1      | 195 ||| FLEEEEING.
   479 | D:1      | Reached XP level 3. HP: 29/29 MP: 3/3
   618 | D:1      | 618 ||| UPGRADING to +0 leather armour.
   628 | D:1      | 628 ||| DROPPING +0 robe.
   629 | D:1      | 629 ||| DROPPING ring of magical power.
   630 | D:1      | 630 ||| READING scroll labelled COIRRU UNALLY.
   631 | D:1      | 631 ||| READING scroll labelled SYOFEO SEPLUMP.
   632 | D:1      | 632 ||| READING scroll labelled POCOMPAKAE.
   633 | D:1      | 633 ||| DROPPING scroll of poison.
   670 | D:2      | Reached skill level 4 in Ranged Weapons
   734 | D:2      | HP: 5/29 [worm (3)]
  1020 | D:2      | Noticed Robin
  1030 | D:2      | Killed Robin
  1031 | D:2      | Reached XP level 4. HP: 21/36 MP: 4/4
  1034 | D:2      | HP: 8/36 [hobgoblin[Robin] (5)]
  1041 | D:2      | HP: 1/36 [hobgoblin/+0 flail[Robin] (4)]
  1042 | D:2      | Slain by a goblin

Levels and vault maps discovered:
D:1:      minmay_arrival_checkered_box, layout_rooms
D:2:      layout_loops_cross, uniq_robin

Skill      XL: |  1  2  3 |
---------------+----------+-----
Ranged Weapons | 3 4 |  4.6
Fighting       | 2 |  2.0
Dodging        | |  2.1
Spellcasting   | |  1.0
Hexes          | |  2.0

Action                     |  1- 3 |  4- 6 || total
---------------------------+-------+-------++-------
   Fire: Sling             |   149 |    12 ||   161
    Use: Scroll            |     3 |       ||     3
 Armour: Robe              |    10 |       ||    10
         Leather armour    |     6 |     4 ||    10
  Dodge: Dodged            |    47 |    14 ||    61

Table legend:
 A = Non-vault XP
 B = Vault XP
 C = Vault XP percentage of total XP
 D = Non-vault monster count
 E = Vault monster count
 F = Vault count percentage of total count
                 A         B        C        D         E       F
            +---------+---------+-------+---------+---------+-------
      Total |      81 |      31 |  27.7 |      46 |      10 |  17.9
            +---------+---------+-------+---------+---------+-------
        D:1 |      57 |       0 |   0.0 |      36 |       0 |   0.0
        D:2 |      24 |      31 |  56.4 |      10 |      10 |  50.0
            +---------+---------+-------+---------+---------+-------
